 Dungeon Crawl Stone Soup version 0.30-a0-723-gc1506a1cf0 (webtiles) character file.

Game seed: 3144737995262505455

86 voltaire321 the Charlatan (level 4, -1/26 HPs)
             Began as a Gargoyle Artificer on Jan 29, 2023.
             Killed from afar by Natasha (8 damage)
             ... with a magic dart
             ... on level 2 of the Dungeon.
             The game lasted 00:03:54 (1543 turns).

voltaire321 the Charlatan (Gargoyle Artificer)      Turns: 1543, Time: 00:03:54

Health: -1/26      AC:  6    Str: 18    XL:     4   Next: 49%
Magic:  4/4        EV: 11    Int: 11    God:
Gold:   72         SH:  0    Dex: 10    Spells: 3/3 levels left

rFire   . . .      SeeInvis .    f - +0 whip (freeze)
rCold   . . .      Faith    .    (no shield)
rNeg    + . .      Spirit   .    b - +0 leather armour
rPois   ∞          Reflect  .    (no helmet)
rElec   +          Harm     .    (no cloak)
rCorr   .          Rampage  .    (no gloves)
Will    .....                    (no boots)
Stlth   ++                       (no amulet)
HPRegen 0.24/turn                (no ring)
MPRegen 0.09/turn                (no ring)

@: slowed, very slow
A: sickness immunity, AC +3, negative energy resistance 1, electricity
resistance, torment resistance 1, petrification resistance
a: no special abilities


You were on level 2 of the Dungeon.
You visited 1 branch of the dungeon, and saw 2 of its levels.

You collected 111 gold pieces.
You spent 39 gold pieces at shops.

Inventory:

Hand Weapons
 a - a +0 club
 f - a +0 whip of freezing (weapon)
Armour
 b - a +0 leather armour (worn)
Wands
 c - a wand of flame (11) (quivered)
 d - a wand of charming (15)
 e - a wand of iceblast (5)
Scrolls
 g - a scroll of identify {unknown}
 i - a scroll of teleportation {unknown}
 k - a scroll of magic mapping {unknown}
 m - a scroll of amnesia {unknown}
 o - a scroll of blinking {unknown}
 p - a scroll of brand weapon {unknown}
 q - a scroll of immolation {unknown}
Potions
 h - 2 potions of ambrosia {unknown}
 j - a potion of degeneration {unknown}
 l - a potion of berserk rage {unknown}
 n - a potion of flight {unknown}
 r - a potion of curing
 s - a potion of invisibility {unknown}


   Skills:
 + Level 2.0 Fighting
 + Level 1.0 Maces & Flails
 + Level 2.9 Armour
 + Level 1.6 Dodging
 + Level 2.2 Stealth
 + Level 3.0 Evocations


You had 3 spell levels left.
You didn't know any spells.
Your spell library contained the following spells:

 Spells                   Type           Power      Damage    Failure   Level
 Stone Arrow              Conj/Erth      0%         3d7       77%         3
 Summon Guardian Golem    Hex/Summ       0%         N/A       77%         3
 Animate Armour           Summ/Erth      0%         N/A       99%         4
 Orb of Destruction       Conj           0%         9d5       100%        7
 Spellforged Servitor     Conj/Summ      0%         N/A       100%        7
 Lehudib's Crystal Spear  Conj/Erth      0%         10d2      100%        8


Dungeon Overview and Level Annotations

Branches:
Dungeon (2/15)

Altars:

Shops:
D:2 !

Annotations:
D:2 Natasha


Innate Abilities, Weirdness & Mutations

You are immune to sickness and miasma.
Your stone body is resilient. (AC +3)
You are immune to poison.
You resist negative energy. (rN+)
You are resistant to electric shocks. (rElec)
You are resistant to unholy torment.
You are immune to petrification.


Message History

You closely miss Natasha. Natasha casts a spell at you.
The magic dart hits you.
You barely miss Natasha. Natasha claws you.
You hit Natasha. You freeze Natasha.
Natasha is moderately wounded.
Natasha completely misses you.
You hit Natasha but do no damage.
Natasha is moderately wounded.
Natasha casts a spell at you. The magic dart hits you!
* * * LOW HITPOINT WARNING * * *
You hit Natasha. You freeze Natasha.
Natasha is heavily wounded.
Natasha misses you.
You hit Natasha. You freeze Natasha. You punch Natasha.
Natasha is almost dead.
Natasha drinks a potion.
Natasha's spells are empowered!
You closely miss Natasha.
Natasha is almost dead.
Natasha casts a spell at you.
You feel yourself slow down.
You closely miss Natasha.
Natasha is almost dead.
Natasha casts a spell at you.
You struggle to resist.
Natasha barely misses you.
You barely miss Natasha.
Natasha is almost dead.
Natasha misses you.
You completely miss Natasha.
Natasha is almost dead.
Natasha closely misses you. Natasha claws you but does no damage.
You barely miss Natasha.
Natasha is almost dead.
Natasha closely misses you.
You barely miss Natasha.
Natasha is almost dead.
Natasha stares at you and mumbles some strange words.
The magic dart hits you!
You die...

......#######)÷......#.###....#
......#######............######
...........................
...................#.....##
#####................#.#...
...##..............#.#.#.#.
...##..................#.#
...##..................#.#
...##...........@h.......#
...##..................#.
#####..................### .##
################.#.....# ..###
#.......###.#.#####
....######.................#
.##.......[.........##.###.#
.#.............##........#.#
##...######....##........#.#


You could see Natasha (empowered).

Vanquished Creatures
  Natasha (D:2)
  2 adders (D:2)
  2 worms (D:2)
  A dart slug (D:1)
  5 ball pythons
  5 bats
  2 endoplasms (D:1)
  A giant cockroach (D:1)
  2 goblins (D:2)
  A hobgoblin (D:1)
  2 jackals (D:2)
  5 kobolds
  A quokka (D:1)
  2 frilled lizards (D:1)
  5 rats
37 creatures vanquished.

Notes
Turn   | Place    | Note
-------+----------+-------------------------------------------
     0 | D:1      | voltaire321 the Gargoyle Artificer began the quest for the
                  | Orb.
     0 | D:1      | Reached XP level 1. HP: 12/12 MP: 1/1
    44 | D:1      | Reached skill level 1 in Dodging
    44 | D:1      | Reached XP level 2. HP: 4/16 MP: 2/2
   637 | D:1      | Reached XP level 3. HP: 20/20 MP: 3/3
  1080 | D:2      | Found Qitothan's Distillery.
  1139 | D:2      | Bought a potion of curing for 39 gold pieces
  1361 | D:2      | Reached skill level 3 in Evocations
  1361 | D:2      | Reached XP level 4. HP: 23/26 MP: 4/4
  1393 | D:2      | Noticed Natasha
  1406 | D:2      | Killed Natasha
  1407 | D:2      | Reached skill level 1 in Maces & Flails
  1527 | D:2      | Noticed Natasha
  1543 | D:2      | Killed from afar by Natasha

Illustrated notes

Levels and vault maps discovered:
D:1:      minmay_arrival_arboretum_small, layout_loops_ring, st_stairs_2
D:2:      layout_basic, serial_shops, nicolae_shop_trees,
          nicolae_elevator_lobby_plus, uniq_natasha

Skill      XL: |  1  2  3  4 |
---------------+-------------+-----
Dodging        | 1 |  1.6
Stealth        | 2 |  2.2
Evocations     | 3 |  3.0
Fighting       | 2 |  2.0
Maces & Flails | 1 |  1.0
Armour         | |  2.9

Action                     |  1- 3 |  4- 6 || total
---------------------------+-------+-------++-------
  Melee: Club              |     7 |       ||     7
         Whip              |   128 |    29 ||   157
         Punch             |       |     1 ||     1
  Evoke: Wand              |     4 |       ||     4
   Stab: Sleeping          |     1 |       ||     1
 Armour: Leather armour    |    59 |     6 ||    65
  Dodge: Dodged            |    97 |    15 ||   112

Table legend: (Time is in decaauts)
 A = Elapsed time spent in this place.
 B = Non-inter-level travel time spent in this place.
 C = Inter-level travel time spent in this place.
 D = Time resting spent in this place.
 E = Time spent auto-exploring this place.
 F = Levels seen in this place.
 G = Mean time per level.
                   A        B        C        D        E       F      G
               +--------+--------+--------+--------+--------+-----+--------+
         Total |   1559 |   1548 |     11 |    114 |   1016 |   2 |  779.5 |
       Dungeon |   1559 |   1548 |     11 |    114 |   1016 |   2 |  779.5 |
               +--------+--------+--------+--------+--------+-----+--------+

Top non-repeatable levels by time:
     D:1: 834 daAuts
     D:2: 724 daAuts
